 Dungeon Crawl Stone Soup version 0.28.0 (webtiles) character file.

Game seed: 4849862960846777787

61 HallandMoats the Chopper (level 3, 0/33 HPs)
             Began as a Minotaur Monk on Feb 7, 2022.
             Was a Believer of Ru.
             Slain by Natasha (3 damage)
             ... on level 3 of the Dungeon.
             The game lasted 00:01:39 (2005 turns).

HallandMoats the Chopper (Minotaur Monk)            Turns: 2005, Time: 00:01:40

Health: 0/33       AC:  6    Str: 15    XL:     3   Next: 83%
Magic:  2/2        EV: 10    Int:  7    God:    Ru [**....]
Gold:   152        SH:  0    Dex: 14    Spells: 2/2 levels left

rFire   . . .      SeeInvis .   a - +0 hand axe
rCold   . . .      Faith    .   (no shield)
rNeg    . . .      Spirit   .   b - +0 scale mail
rPois   .          Reflect  .   (helmet restricted)
rElec   .          Harm     .   (no cloak)
rCorr   .          Rampage  .   (no gloves)
Will    .....                   (no boots)
Stlth   ..........              (no amulet)
HPRegen 0.11/turn               (no ring)
MPRegen 0.08/turn               (no ring)

@: slowed, very slow
A: horns 2, inability to use devices, retaliatory headbutt
a: Renounce Religion


You were on level 3 of the Dungeon.
You worshipped Ru.
Ru was pleased with you.
You visited 1 branch of the dungeon, and saw 3 of its levels.

You collected 152 gold pieces.

Inventory:

Hand Weapons
 a - a +0 hand axe (weapon)
Armour
 b - a +0 scale mail (worn)
Scrolls
 e - a scroll of torment {unknown}
 f - 3 scrolls of identify {unknown}
 j - a scroll of fog {unknown}
Potions
 c - a potion of heal wounds {unknown}
 d - 2 potions of brilliance {unknown}
 g - a potion of berserk rage {unknown}
 h - a potion of curing {unknown}
 i - a potion of might {unknown}


   Skills:
 + Level 4.1 Fighting
 + Level 4.1 Axes
 + Level 1.6 Armour
 + Level 3.8 Dodging
 - Level 1.5 Stealth
 + Level 1.3 Invocations


You had 2 spell levels left.
You didn't know any spells.
Your spell library contained the following spells:

 Spells                   Type           Power      Damage    Failure   Level
 Summon Small Mammal      Summ           0%         N/A       88%         1
 Call Canine Familiar     Summ           0%         N/A       99%         3
 Portal Projectile        Hex/Tloc       0%         N/A       99%         3
 Summon Guardian Golem    Hex/Summ       0%         N/A       99%         3
 Blade Hands              Tmut           0%         N/A       100%        5
 Excruciating Wounds      Necr           0%         N/A       100%        5


Dungeon Overview and Level Annotations

Branches:
Dungeon (3/15)

Altars:
Ru

Annotations:
D:3 Natasha


Innate Abilities, Weirdness & Mutations

You have a pair of horns on your head.
You cannot study or use magical devices.
You reflexively headbutt those who attack you in melee.


Message History

You are too injured to fight recklessly!
You hit Natasha but do no damage.
Natasha is severely wounded.
Natasha barely misses you. You furiously retaliate!
You headbutt Natasha. You hit Natasha.
Natasha is almost dead.
Natasha casts a spell.
Natasha stares at you and mumbles some strange words.
You feel yourself slow down.
You hit Natasha but do no damage.
Natasha is almost dead.
Natasha casts a spell.
You barely miss Natasha.
Natasha is almost dead.
You completely miss the crimson imp. Natasha claws you but does no damage.
The crimson imp closely misses you.
Natasha casts a spell.
You hit Natasha but do no damage.
Natasha is almost dead.
You hit the crimson imp.
The crimson imp hits you but does no damage.
Natasha claws you.
* * * LOW HITPOINT WARNING * * *
The crimson imp hits you but does no damage.
Natasha wildly gestures.
Natasha's front paws start to glow.
Natasha closely misses you.
You barely miss Natasha.
Natasha is almost dead.
You hit the crimson imp. The crimson imp hits you.
* * * LOW HITPOINT WARNING * * *
Natasha stares at you and mumbles some strange words.
The magic dart hits you.
* * * LOW HITPOINT WARNING * * *
The crimson imp barely misses you.
Unknown command.
You hit Natasha but do no damage.
Natasha is almost dead.
You hit the crimson imp. Natasha claws you.
You die...

###...........).....[
#.....#<.............
#.#........########..
#.#.#..###.# #.#
#......# #.# #.#
###.#.####.# #.#
#.#...(..# #.#
.#####5######## #.#
#.......@h55$... #.#
##.####.####.... #.#
#.# . #.. #.# #.# #.#
#.# #.


You could see Natasha, a crimson imp (summoned) and 2 shadow imps.

Vanquished Creatures
  Terence (D:3)
  4 bats
  5 endoplasms
  2 giant cockroaches
  3 goblins (D:2)
  2 hobgoblins
  3 jackals (D:1)
  3 quokkas
  3 ball pythons
  2 frilled lizards (D:1)
  3 kobolds
  4 rats
35 creatures vanquished.

Notes
Turn   | Place    | Note
-------+----------+-------------------------------------------
     0 | D:1      | HallandMoats the Minotaur Monk began the quest for the Orb.
     0 | D:1      | Reached XP level 1. HP: 19/19 MP: 0/0
   243 | D:1      | Reached XP level 2. HP: 27/27 MP: 1/1
   259 | D:1      | Found a faded altar of an unknown god.
   273 | D:1      | Prayed at the altar of an unknown god.
   273 | D:1      | Became a worshipper of Ru the Awakened
   274 | D:1      | Gained mutation: You cannot study or use magical devices.
                  | [Ru sacrifice]
   274 | D:1      | Reached * piety under Ru
   274 | D:1      | Reached ** piety under Ru
   383 | D:1      | Reached skill level 1 in Armour
  1185 | D:2      | Reached XP level 3. HP: 25/33 MP: 2/2
  1368 | D:2      | Reached skill level 1 in Invocations
  1667 | D:3      | Noticed Terence
  1684 | D:3      | Killed Terence
  1993 | D:3      | Noticed Natasha
  2005 | D:3      | Slain by Natasha

Illustrated notes

Levels and vault maps discovered:
D:1:      nicolae_arrival_washed_ashore, layout_basic, serial_rivers,
          chequers_serial_rivers_large_a, chequers_serial_rivers_micro_b,
          chequers_serial_rivers_large_b, chequers_serial_rivers_micro_b,
          chequers_serial_rivers_micro_c, ebering_ecumenical_altar_sacrificial
D:2:      layout_rooms
D:3:      layout_basic, uniq_natasha, uniq_terence, uniq_ijyb

Skill      XL: |  1  2  3 |
---------------+----------+-----
Armour         | 1 |  1.6
Fighting       | 4 |  4.1
Invocations    | 1 |  1.3
Axes           | 4 |  4.1
Dodging        | |  3.8
Stealth        | |  1.5

Action                   || total
-------------------------++-------
Melee: Hand axe          ||    94
       Headbutt          ||     9
Invok: Sacrifice Artific ||     1
 Stab: Distracted        ||     1
       Invisible         ||     1
Armor: Robe              ||    14
       Chain mail        ||     6
       Scale mail        ||     3
Dodge: Dodged            ||    48
